 Dungeon Crawl Stone Soup version 0.29.1-15-g9cfb28693d (webtiles) character file.

Game seed: 17660208306797645259

3 hawla the Chiller (level 1, 0/14 HPs)
             Began as a Meteoran Ice Elementalist on Apr 23, 2023.
             Slain by a frilled lizard (1 damage)
             ... on level 1 of the Dungeon.
             The game lasted 00:00:48 (43 turns).

hawla the Chiller (Meteoran Ice Elementalist)         Turns: 43, Time: 00:00:49

Health: 0/14       AC:  2    Str:  9    XL:     1   Next: 71%
Magic:  4/5        EV: 12    Int: 16    God:
Gold:   21         SH:  0    Dex: 14    Spells: 4/5 levels left

rFire   . . .      SeeInvis .   (no weapon)
rCold   . . .      Faith    .   (no shield)
rNeg    . . .      Spirit   .   a - +0 robe
rPois   .          Reflect  .   (no helmet)
rElec   .          Harm     .   (no cloak)
rCorr   .          Rampage  .   (no gloves)
Will    .....                   (no boots)
Stlth   +.........              (no amulet)
HPRegen 0.04/turn               (no ring)
MPRegen 0.09/turn               (no ring)

@: glowing
A: sense surroundings 1, otherworldly, glowing, explore regen
a: no special abilities


You were on level 1 of the Dungeon.
You visited 1 branch of the dungeon, and saw 1 of its levels.

You collected 21 gold pieces.

Inventory:

Armour
 a - a +0 robe (worn)
Scrolls
 d - a scroll of fear {unknown}
Potions
 c - 2 potions of flight {unknown}


   Skills:
 + Level 2.4 Dodging
 - Level 1.4 Stealth
 + Level 2.8 Spellcasting
 + Level 4.5 Ice Magic


You had 4 spell levels left.
You knew the following spells:

 Your Spells              Type           Power      Damage    Failure   Level
a - Freeze                Ice            64%        1d8       3%          1

Your spell library contained the following spells:

 Spells                   Type           Power      Damage    Failure   Level
 Frozen Ramparts          Ice            32%        1d5       9%          3
 Ozocubu's Armour         Ice            16%        N/A       9%          3
 Hailstorm                Conj/Ice       9%         3d4       58%         4


Dungeon Overview and Level Annotations

Branches:
Dungeon (1/15) Zot: 556

Altars:


Innate Abilities, Weirdness & Mutations

You passively map a small area around you.
You are easily found by Zot.
You glow in the dark.
You regain HP and MP as you explore.


Message History

Aiming: Freeze (safe; 3% risk of failure)
Press: ? - help, Shift-Dir - straight line, f/p - ball python
Aim: a ball python (moderately wounded, constricting you)
You freeze the ball python!
You kill the ball python!
The jackal bites the bush but does no damage.
The bat hits you.
The jackal bites the bush but does no damage.
The frilled lizard bites you.
A jackal comes into view.
The bat closely misses you.
Casting: Freeze (safe; 3% risk of failure)
Confirm with . or Enter, or press ? or * to list all spells.
Aiming: Freeze (safe; 3% risk of failure)
Press: ? - help, Shift-Dir - straight line, f - bat
Aim: a bat You freeze the bat.
The bat is severely wounded.
The jackal barks!
A nearby plant withers and dies.
The bat hits you.
The jackal is caught in a web!
The frilled lizard bites you. Magic courses through your body.
The jackal struggles to get unstuck from the web.
The bat hits you but does no damage.
The frilled lizard bites you but does no damage.
The goblin hits you with a +0 club.
* * * LOW HITPOINT WARNING * * *
Casting: Freeze (safe; 3% risk of failure)
Confirm with . or Enter, or press ? or * to list all spells.
Aiming: Freeze (safe; 3% risk of failure)
Press: ? - help, Shift-Dir - straight line, f - goblin, p - bat
Aim: a goblin, wielding a +0 club You freeze the goblin.
You kill the goblin!
The bat hits you.
* * * LOW HITPOINT WARNING * * *
The jackal pulls away from the web.
The jackal bites you.
* * * LOW HITPOINT WARNING * * *
The frilled lizard bites you.
You die...

.. .....#######
.###.##............ ,
,
.....#....#.......##
,*
#....P..#.......... ,
, , ,
#...P♣P...P♣.r.l... ,
#..P.♣P...P♣P8.....
#...^.P....PP♣..^..
,, *
#..P..P.P.†.♣.Ph... *
#..♣P<...b@h....... *
*##.PP.PP^..Pl⌠)...[.
....♣.♣PP.......>...
###..PP.PP....#......
, #∩).P.P∩....#.#####
,, .###..PPP........#
,......PP.........#
#....P..#........
####....#########,


You could see 2 jackals, a bat, 2 frilled lizards and a rat.

Vanquished Creatures
  2 jackals (D:1)
  A ball python (D:1)
  A goblin (D:1)
4 creatures vanquished.

Vanquished Creatures (others)
  3 plants (D:1)
3 creatures vanquished.

Grand Total: 7 creatures vanquished

Notes
Turn   | Place    | Note
-------+----------+-------------------------------------------
     0 | D:1      | hawla the Meteoran Ice Elementalist began the quest for the
                  | Orb.
     0 | D:1      | Reached XP level 1. HP: 14/14 MP: 5/5
    43 | D:1      | Slain by a frilled lizard

Illustrated notes

Levels and vault maps discovered:
D:1:      spicycebolla_arrival_clurvy, layout_rooms, minmay_worlds_worst_comb

Action                   || total
-------------------------++-------
 Cast: Freeze            ||     6
  Use: Potion            ||     1
Armor: Robe              ||     4
Dodge: Dodged            ||     7
